 Dungeon Crawl Stone Soup version 0.30-a0-857-gcaf70739d4 (webtiles) character file.

Game seed: 16649551505974949516

439 Firecrotchwizard the Insei (level 7, -4/38 HPs)
             Began as a Vine Stalker Monk on Mar 6, 2023.
             Killed from afar by Dowan (10 damage)
             ... with a stone arrow
             ... on level 4 of the Dungeon.
             The game lasted 00:06:41 (3349 turns).

Firecrotchwizard the Insei (Vine Stalker Monk)      Turns: 3349, Time: 00:06:41

Health: -4/38      AC: 10    Str: 15    XL:     7   Next: 1%
Magic:  0/8        EV: 10    Int: 10    God:
Gold:   226        SH:  0    Dex: 17    Spells: 6/6 levels left

rFire   . . .      SeeInvis .      - Unarmed
rCold   . . .      Faith    .    (no shield)
rNeg    . . .      Spirit   +    y - +0 scale mail
rPois   .          Reflect  .    (no helmet)
rElec   .          Rampage  .    (no cloak)
rCorr   .                        (no gloves)
Will    .....                    (no boots)
Stlth   +                        (no amulet)
HPRegen 1.06/turn                A - +4 ring of protection
MPRegen 0.11/turn                Q - +4 ring of slaying

@: no status effects
A: fangs 2, regeneration 1, magic shield, antimagic bite, no potion heal 2
a: no special abilities


You were on level 4 of the Dungeon.
You visited 1 branch of the dungeon, and saw 4 of its levels.
You also visited: Sewer.

You collected 226 gold pieces.

Inventory:

Missiles
 c - 20 poisoned darts
 s - 34 stones (quivered)
 x - 4 curare-tipped darts
 C - 3 boomerangs
Armour
 a - a +0 robe
 k - a +0 leather armour
   (You found it on level 1 of the Dungeon)
 q - a +0 ring mail
   (You found it on level 2 of the Dungeon)
 y - a +0 scale mail (worn)
   (You found it on level 3 of the Dungeon)
Jewellery
 w - a +6 ring of dexterity
   (You found it on level 3 of the Dungeon)
 A - a +4 ring of protection (left hand)
   (You found it on level 3 of the Dungeon)
 E - a +4 ring of slaying
   (You found it on level 4 of the Dungeon)
 Q - a +4 ring of slaying (right hand)
   (You found it on level 3 of the Dungeon)
Wands
 p - a wand of paralysis (8)
   (You took it off Ijyb on level 3 of the Dungeon)
Scrolls
 b - 2 scrolls of teleportation {unknown}
 g - a scroll of identify {@r1}
 m - 4 scrolls of fog {unknown}
 n - a scroll of silence {unknown}
 t - a scroll of vulnerability {unknown}
 u - a scroll of enchant armour {unknown}
 v - a scroll of enchant weapon {unknown}
 z - a scroll of immolation {unknown}
 D - a scroll of blinking {unknown}
 X - a scroll of magic mapping {@r4!r}
Potions
 e - a potion of resistance {unknown}
 f - 2 potions of brilliance {unknown}
 i - 2 potions of lignification {unknown}
 l - 3 potions of might {unknown}
 r - a potion of attraction {unknown}
 B - a potion of mutation {unknown}
 G - 2 potions of ambrosia {!q}
 H - 2 potions of haste
 J - 5 potions of curing {@q1}
 L - 2 potions of flight


   Skills:
 + Level 4.5 Fighting
 - Level 2.4 Dodging
 - Level 2.4 Stealth
 * Level 6.5 Unarmed Combat


You had 6 spell levels left.
You didn't know any spells.
Your spell library contained the following spells:

 Spells                   Type           Power      Damage    Failure   Level
 Sandblast                Erth           0%         2d4       85%         1
 Passwall                 Tmut/Erth      0%         N/A       94%         2
 Stone Arrow              Conj/Erth      0%         3d7       99%         3
 Tukima's Dance           Hex            0%         N/A       99%         3
 Passage of Golubria      Tloc           0%         N/A       100%        4
 Yara's Violent Unravell  Hex/Tmut       0%         3d3       100%        5


Dungeon Overview and Level Annotations

Branches:
Dungeon (4/15)              Sewer (visited)
 Temple: D:4-7

Altars:
Dithmenos
Trog
Vehumet
Yredelemnul

Annotations:
D:4 Dowan


Innate Abilities, Weirdness & Mutations

You have extremely sharp teeth.
Your natural rate of healing is unusually fast.
When hurt, damage is shared between your health and your magic reserves.
Your bite disrupts and absorbs the magic of your enemies.
Potions cannot restore your health.


Message History

Duvessa shouts!
Duvessa zaps a wand.
The puff of flame misses you.
You climb upwards.
There is a stone staircase leading down here.
There is an open door here.
You see here a +0 plate armour.
Things that are here:
a +0 ring mail; a +0 club
There is a stone staircase leading down here.
You climb downwards.
Level annotation: Duvessa
There is a stone staircase leading up here.
J - 5 potions of curing {@q1} (gained 1)
You pick up Great Wizards, Vol.
VII and begin reading...
You add the spells Tukima's Dance, Passage of Golubria and Yara's Violent Unravelling to your library.
Found two stone staircases leading down.
An ufetubus comes into view.
You throw a stone. The stone hits the ufetubus.
You hit the ufetubus.
You kill the ufetubus!
No target in view!
l - 3 dark potions (gained 1)
f - 2 murky ruby potions (gained 1)
X - a scroll of magic mapping {@r4!r} A goblin comes into view.
It is wielding a +0 club.
The goblin shouts!
You throw a stone.
The stone hits the goblin but does no damage.
You throw a stone. The stone completely misses the goblin.
You throw a stone.
The stone hits the goblin but does no damage.
You throw a stone.
The stone hits the goblin but does no damage.
You hit the goblin.
You kill the goblin!
No target in view!
You see here 2 scrolls of noise {!r}.
A kobold comes into view. It is wielding a +0 short sword.
You throw a stone. The stone closely misses the kobold.
The kobold shouts!
You throw a stone.
The stone hits the kobold but does no damage.
You throw a stone. The stone misses the kobold.
You closely miss the kobold. Your bite misses the kobold.
The kobold hits you but does no damage.
You miss the kobold. You bite the kobold.
You kill the kobold!
No target in view!
s - 34 stones (gained 5)
You see here a +0 short sword.
Duvessa is nearby!
Duvessa shouts!
Duvessa zaps a wand.
The puff of flame misses you.
You start waiting.
Duvessa is nearby!
You closely miss Duvessa. You hit Duvessa but do no damage.
Duvessa hits you with a +3 rapier of speed!
Duvessa closely misses you.
You take 10 damage, and have 23/33 hp.
MASSIVE DAMAGE!!
You now have 5/7 mp.
You hit Duvessa. You bite Duvessa. You drain her power.
You feel invigorated.
Duvessa hits you with a +3 rapier of speed!
You take 8 damage, and have 15/33 hp.
MASSIVE DAMAGE!!
You now have 4/7 mp.
You hit Duvessa. Duvessa hits you but does no damage.
You barely miss Duvessa. You bite Duvessa, but do no damage.
Duvessa zaps a wand.
The puff of flame hits you.
You take 1 damage, and have 15/33 hp.
You now have 3/7 mp.
You punch Duvessa!
Duvessa zaps a wand.
The puff of flame hits you!
* * * LOW HITPOINT WARNING * * *
You hit Duvessa. You bite Duvessa, but do no damage.
Duvessa hits you but does no damage.
You take 6 damage, and have 9/33 hp.
You now have 1/7 mp.
You hit Duvessa. Your bite misses Duvessa.
Duvessa hits you with a +3 rapier of speed.
* * * LOW HITPOINT WARNING * * *
You take 2 damage, and have 7/33 hp.
You hit Duvessa but do no damage. You punch Duvessa! Your bite misses Duvessa.
Duvessa zaps a wand.
The puff of flame hits you!
* * * LOW HITPOINT WARNING * * *
You take 6 damage, and have 1/33 hp.
You now have 0/7 mp.
You hit Duvessa. You bite Duvessa.
You kill Duvessa!
You hear a distant wail of despair.
You have reached level 7!
Dowan, Brother of Duvessa comes into view.
He is wielding a +0 trident.
Dowan shouts!
Dowan seems to find hidden reserves of power!
Dowan points at you and mumbles some strange words.
The stone arrow hits you!
You die...

...........**** #...#..#**,*
..........#* ##)...#* *,**
###.#..#..#* ##..### *,,*
....##.##..* ###...# **,*
.#####.###.## ###.e..## *,*
.#* #......## #.e.#..# *,,
..#* #####...## #.###..# ***
#### #..>.###......# #>##*
###...<@.[....### ...8#
###.....##....# ....#***
#.....###.##.#* ....8*,*
#.##..# #.#*..#*
....##,*****#.*#..#*#.#*#e.#
* ,,,8**,,**,,..*#...*#.*
*#.# ***
,,,,***,,,,###*#.#.##.****e#*
*,, ,,,,8***,,**
*#.#.##.,,,*,.* *,*
,,,,***,,,*
*,,*,,##**,,*.#**,*


You could see Dowan (fast).

Vanquished Creatures
  Duvessa (D:4)
  2 kobold brigands (Sewer)
  Ijyb (D:3)
  2 orc wizards (D:3)
  2 gnolls (D:3)
  An adder (D:3)
  A river rat (Sewer)
  An ufetubus (D:4)
  2 worms (D:3)
  A dart slug (D:2)
  3 orcs (D:3)
  5 endoplasms
  3 giant cockroaches
  6 goblins
  3 hobgoblins
  8 jackals
  11 kobolds
  8 quokkas
  2 ball pythons
  4 bats
  3 frilled lizards
  10 rats
80 creatures vanquished.

Vanquished Creatures (others)
  15 plants
15 creatures vanquished.

Grand Total: 95 creatures vanquished

Notes
Turn   | Place    | Note
-------+----------+-------------------------------------------
     0 | D:1      | Firecrotchwizard the Vine Stalker Monk began the quest for
                  | the Orb.
     0 | D:1      | Reached XP level 1. HP: 11/11 MP: 2/2
   377 | D:1      | Reached XP level 2. HP: 15/16 MP: 1/3
   710 | D:1      | Reached skill level 3 in Fighting
   936 | D:2      | Reached XP level 3. HP: 20/20 MP: 4/4
  1113 | D:2      | Reached skill level 4 in Unarmed Combat
  1727 | D:3      | Found a glowing drain.
  1807 | Sewer    | Entered a sewer
  1816 | Sewer    | Gained mutation: Your natural rate of healing is unusually
                  | fast. [Vine Stalker growth]
  1816 | Sewer    | Reached XP level 4. HP: 24/24 MP: 5/5
  1867 | Sewer    | Noticed a kobold brigand
  1868 | Sewer    | Noticed a kobold brigand
  1895 | Sewer    | Killed a kobold brigand
  1896 | Sewer    | Reached skill level 5 in Unarmed Combat
  1896 | Sewer    | Reached XP level 5. HP: 24/28 MP: 4/6
  1909 | Sewer    | Killed a kobold brigand
  1993 | Sewer    | Found a white marble altar of Elyvilon.
  2081 | D:3      | Found a radiant altar of Vehumet.
  2084 | D:3      | Found a shadowy altar of Dithmenos.
  2404 | D:3      | Found a basalt altar of Yredelemnul.
  2410 | D:3      | Reached skill level 4 in Fighting
  2419 | D:3      | Reached XP level 6. HP: 33/33 MP: 7/7
  2589 | D:3      | Noticed Ijyb
  2602 | D:3      | Killed Ijyb
  2725 | D:3      | Reached skill level 6 in Unarmed Combat
  2867 | D:3      | Found a bloodstained altar of Trog.
  3172 | D:4      | Noticed Duvessa
  3341 | D:4      | HP: 8/33 [Duvessa/puff of flame (8)]
  3344 | D:4      | HP: 1/33 [Duvessa/puff of flame (7)]
  3345 | D:4      | Killed Duvessa
  3346 | D:4      | Reached XP level 7. HP: 2/38 MP: 0/8
  3346 | D:4      | Noticed Dowan
  3349 | D:4      | Killed from afar by Dowan

Illustrated notes

Levels and vault maps discovered:
D:1:      minmay_arrival_loop, layout_basic
D:2:      layout_loops_cross
D:3:      wad_woods_stonehenge, layout_basic, overflow_temple_1_default,
          chequers_temple_overflow_statue_of_worship,
          cheibrodos_sewer_entry_drain, uniq_ijyb
D:4:      layout_rooms, nicolae_overflow_hidden_temple, serial_bayou_lake_a,
          uniq_duvessa

Skill      XL: |  1  2  3  4  5  6 |
---------------+-------------------+-----
Fighting       | 3 4 |  4.5
Unarmed Combat | 4 5 6 |  6.5
Dodging        | |  2.4
Stealth        | |  2.4

Action                     |  1- 3 |  4- 6 |  7- 9 || total
---------------------------+-------+-------+-------++-------
  Melee: Unarmed           |   135 |   114 |       ||   249
         Bite              |    35 |    27 |       ||    62
         Punch             |     5 |     3 |       ||     8
  Throw: Stone             |       |     8 |       ||     8
    Use: Scroll            |       |     4 |       ||     4
   Stab: Sleeping          |     4 |       |       ||     4
         Distracted        |     1 |       |       ||     1
 Armour: Robe              |     1 |       |       ||     1
         Leather armour    |    19 |       |       ||    19
         Ring mail         |     6 |       |       ||     6
         Scale mail        |     2 |    22 |       ||    24
  Dodge: Dodged            |    63 |    29 |       ||    92

Table legend: (Time is in decaauts)
 A = Elapsed time spent in this place.
 B = Non-inter-level travel time spent in this place.
 C = Inter-level travel time spent in this place.
 D = Time resting spent in this place.
 E = Time spent auto-exploring this place.
 F = Levels seen in this place.
 G = Mean time per level.
                   A        B        C        D        E       F      G
               +--------+--------+--------+--------+--------+-----+--------+
         Total |   3358 |   3181 |    177 |     50 |   2455 |   5 |  671.6 |
       Dungeon |   3108 |   2931 |    177 |     44 |   2302 |   4 |  777.0 |
         Sewer |    250 |    250 |      0 |      6 |    153 |   1 |  250.0 |
               +--------+--------+--------+--------+--------+-----+--------+

Top non-repeatable levels by time:
     D:3: 1272 daAuts
     D:1: 929 daAuts
     D:2: 763 daAuts
   Sewer: 250 daAuts
     D:4: 143 daAuts

Table legend:
 A = Kills in this place as a percentage of kills in the entire game.
 B = Kills by you in this place as a percentage of kills by you in the entire game.
 C = Kills by friends in this place as a percentage of kills by friends in the entire game.
 D = Other kills in this place as a percentage of other kills in the entire game.
 E = Experience gained in this place as a percentage of experience gained in the entire game.
 F = Experience gained in this place divided by the number of levels of this place that you have seen.
                   A       B       C       D       E      F
               +-------+-------+-------+-------+-------+----------------------
         Total | 100.0 | 100.0 |   N/A |   N/A | 100.0 | 125.6
       Dungeon |  88.8 |  88.8 |   N/A |   N/A |  66.9 | 105.0
         Sewer |  11.2 |  11.2 |   N/A |   N/A |  33.1 | 208.0
               +-------+-------+-------+-------+-------+----------------------
